 Dungeon Crawl Stone Soup version 0.29.1-2-gbd0b4ee654 (webtiles) character file.

Game seed: 10242089683037743997

65 llahlahkje the Slasher (level 3, -4/29 HPs)
             Began as a Demonspawn Monk on Nov 18, 2022.
             Slain by a gnoll
             ... wielding a +0 spear
              (6 damage)
             ... on level 2 of the Dungeon.
             The game lasted 00:04:23 (1146 turns).

llahlahkje the Slasher (Demonspawn Monk)            Turns: 1146, Time: 00:04:24

Health: -4/29      AC:  3    Str: 13    XL:     3   Next: 92%
Magic:  3/3        EV: 13    Int: 11    God:
Gold:   81         SH:  0    Dex: 15    Spells: 2/2 levels left

rFire   + . .      SeeInvis .   h - +0 falchion (flame)
rCold   . . .      Faith    .   (no shield)
rNeg    . . .      Spirit   .   b - +0 robe
rPois   .          Reflect  .   (no helmet)
rElec   .          Harm     .   (no cloak)
rCorr   .          Rampage  .   d - +0 pair of gloves
Will    .....                   (no boots)
Stlth   ++........              i - amulet of regeneration
HPRegen 0.89/turn               g - ring of protection from fire
MPRegen 0.08/turn               (no ring)

@: no status effects
A: demonic touch 1
a: no special abilities


You were on level 2 of the Dungeon.
You visited 1 branch of the dungeon, and saw 2 of its levels.

You collected 81 gold pieces.

Inventory:

Hand Weapons
 a - a +0 falchion
 h - a +0 falchion of flaming (weapon)
Missiles
 e - a throwing net (quivered)
Armour
 b - a +0 robe (worn)
 d - a +0 pair of gloves (worn)
Jewellery
 g - a ring of protection from fire (left hand)
 i - an amulet of regeneration (around neck)
Wands
 j - a wand of flame (14)
Scrolls
 f - 2 scrolls of immolation
Potions
 c - a potion of ambrosia


   Skills:
 + Level 3.2 Fighting
 * Level 3.9 Long Blades
 + Level 3.0 Dodging
 + Level 2.0 Stealth


You had 2 spell levels left.
You didn't know any spells.
Your spell library was empty.

Dungeon Overview and Level Annotations

Branches:
Dungeon (2/15)

Altars:

Shops:
D:2 (


Innate Abilities, Weirdness & Mutations

Your touch may inflict minor irresistible damage on your foes.


Message History

The gnoll hits you but does no damage. The gnoll misses you.
Things that are here:
a +0 halberd; a gnoll corpse The kobold throws a stone.
The stone misses you.
The kobold throws a stone.
The stone barely misses you.
The kobold throws a stone.
The stone hits you.
Okay, then.
Okay, then.
You slash the kobold! You burn the kobold.
You kill the kobold!
The gnoll closely misses you.
Unknown command.
The gnoll hits you with a +0 halberd.
You closely miss the gnoll. Your touch misses the gnoll. The gnoll misses you.
You hit the gnoll but do no damage. The gnoll misses you.
You hit the gnoll. You burn the gnoll.
The gnoll is lightly wounded.
The gnoll hits you with a +0 halberd!
You closely miss the gnoll.
The gnoll is lightly wounded.
The gnoll misses you.
You hit the gnoll. You burn the gnoll.
You touch the gnoll.
You kill the gnoll!
The gnoll hits you from afar with a +0 spear!
* * * LOW HITPOINT WARNING * * *
The gnoll hits you with a +0 spear!
* * * LOW HITPOINT WARNING * * *
You see here a +0 halberd.
Unknown command.
You barely miss the gnoll. The gnoll closely misses you.
You hit the gnoll. You burn the gnoll.
You touch the gnoll!
The gnoll is almost dead.
The gnoll hits you with a +0 spear.
* * * LOW HITPOINT WARNING * * *
The gnoll closely misses you.
You hit the gnoll but do no damage.
The gnoll is almost dead.
The gnoll hits you with a +0 spear.
You die...

.........#.#.#...................
########.#.#.#............#.#.##.
####.#.#.#..##.########.#.##.
#.................,,,,.......
########.#)..##.##.########.#....
.........................##.#.##.
########.................##.#.##.
#.................####....
#........@g.......# #....
##..####.#........# #.##.
######..####.#.#.#.##.####.##.
##............#...#.##.gg......
#........####.#...#.##..######.
###..##..#.####.......g...#### #.
#......................#.....# ##
###......#..........#.##.....####
#..##..#.##.#..#..#.##.....##..


You could see a gnoll.

Vanquished Creatures
  3 gnolls (D:2)
  2 dart slugs (D:2)
  An endoplasm (D:2)
  A giant cockroach (D:1)
  2 goblins
  3 hobgoblins
  4 jackals (D:2)
  4 kobolds
  A quokka (D:1)
  2 ball pythons (D:1)
  2 frilled lizards (D:2)
  7 rats
32 creatures vanquished.

Vanquished Creatures (others)
  2 plants (D:2)
2 creatures vanquished.

Grand Total: 34 creatures vanquished

Notes
Turn   | Place    | Note
-------+----------+-------------------------------------------
     0 | D:1      | llahlahkje the Demonspawn Monk began the quest for the Orb.
     0 | D:1      | Reached XP level 1. HP: 18/18 MP: 1/1
   306 | D:1      | Gained mutation: Your touch may inflict minor irresistible
                  | damage on your foes. [demonic ancestry]
   306 | D:1      | Reached XP level 2. HP: 20/24 MP: 2/2
   541 | D:2      | Found Quonehem's Antique Weapon Emporium.
   773 | D:2      | Reached XP level 3. HP: 24/29 MP: 3/3
  1145 | D:2      | HP: 1/29 [gnoll/+0 spear (3)]
  1146 | D:2      | Slain by a gnoll

Illustrated notes

Levels and vault maps discovered:
D:1:      scummos_arrival_hexagon, layout_basic
D:2:      layout_basic, serial_shops, nicolae_shop_overgrown_old_shop

Skill      XL: |  1  2  3 |
---------------+----------+-----
Long Blades    | 3 |  3.9
Dodging        | 3 |  3.0
Stealth        | 2 |  2.0
Fighting       | |  3.2

Action                   || total
-------------------------++-------
Melee: Falchion          ||    70
       Touch             ||    14
  Use: Scroll            ||     4
 Stab: Sleeping          ||     3
Armor: Robe              ||    14
Dodge: Dodged            ||    39
